[ AOE2 MATCH · #513669897 ]
UnrankedCiv #61 vs Sicilians
Player's team · LOSS
[ REPLAY ANALYSIS · EXTRACTED FROM THE RECORDED GAME ]
Feudal
15:58
Castle
25:23
Imperial
41:00
| APM avg | 25.7 |
| APM peak | 67 |
| eAPM avg | 16.3 |
| Villagers / military | 77 / 29 |
Focus
⚔️ 28.4% · 🌾 71.6%
Unknown (2703) ×39 · Militia ×10 · Unknown (2708) ×8 · Scorpion ×6 · Monk ×4 · Battering Ram ×4
Feudal
15:25
Castle
25:01
Imperial
46:57
| APM avg | 44.4 |
| APM peak | 97 |
| eAPM avg | 23.9 |
| Villagers / military | 175 / 148 |
Focus
⚔️ 31.4% · 🌾 68.6%
Serjeant ×52 · Spearman ×45 · Archer ×24 · Battering Ram ×17 · Mangonel ×6 · Militia ×3
Match map
Initial resources + every placement click. Lines = walls · curves = elevation contours. ◆ gold · ⬟ stone · ● berries · ✦ relic · ◌ wall gap
Your base· Open — 7t gap
MedicenelMago's base· Open — 4t gap
Smoothed initial terrain · ◌ = detected wall gap · hover for details
Inputs per minute
— GGINDU - - MedicenelMago
Build order — GGINDU
First 150 of 253 actions detected
| 0:01 | Queue | Villager (Male) |
| 0:01 | Queue | Villager (Male) |
| 0:02 | Queue | Villager (Male) |
| 0:02 | Queue | Villager (Male) |
| 0:03 | Build | House |
| 0:06 | Build | House |
| 1:18 | Research | Loom |
| 1:36 | Queue | Villager (Male) |
| 1:36 | Queue | Villager (Male) |
| 2:07 | Queue | Villager (Male) |
| 2:07 | Queue | Villager (Male) |
| 2:08 | Queue | Villager (Male) |
| 3:27 | Queue | Villager (Male) |
| 3:27 | Queue | Villager (Male) |
| 3:27 | Queue | Villager (Male) |
| 3:27 | Queue | Villager (Male) |
| 3:28 | Queue | Villager (Male) |
| 3:29 | Queue | Villager (Male) |
| 3:30 | Queue | Villager (Male) |
| 4:09 | Build | Mill |
| 4:50 | Queue | Villager (Male) |
| 4:50 | Queue | Villager (Male) |
| 4:50 | Queue | Villager (Male) |
| 4:51 | Queue | Villager (Male) |
| 5:05 | Build | House |
| 5:21 | Queue | Villager (Male) |
| 5:21 | Queue | Villager (Male) |
| 5:31 | Build | House |
| 5:35 | Queue | Villager (Male) |
| 5:36 | Queue | Villager (Male) |
| 5:36 | Queue | Villager (Male) |
| 5:53 | Queue | Villager (Male) |
| 7:09 | Build | Mill |
| 7:16 | Queue | Villager (Male) |
| 7:16 | Queue | Villager (Male) |
| 7:16 | Queue | Villager (Male) |
| 7:17 | Queue | Villager (Male) |
| 7:17 | Queue | Villager (Male) |
| 8:21 | Queue | Villager (Male) |
| 8:21 | Queue | Villager (Male) |
| 8:52 | Build | Lumber Camp |
| 9:16 | Build | Farm |
| 9:17 | Build | Farm |
| 9:17 | Build | Farm |
| 10:14 | Queue | Villager (Male) |
| 10:24 | Build | Mill |
| 10:32 | Queue | Villager (Male) |
| 10:32 | Queue | Villager (Male) |
| 11:09 | Build | Farm |
| 11:19 | Queue | Villager (Male) |
| 11:20 | Queue | Villager (Male) |
| 11:20 | Queue | Villager (Male) |
| 11:20 | Queue | Villager (Male) |
| 11:20 | Queue | Villager (Male) |
| 11:26 | Build | House |
| 11:50 | Build | Barracks |
| 11:54 | Queue | Villager (Male) |
| 13:05 | Build | House |
| 13:09 | Queue | Militia |
| 13:09 | Queue | Militia |
| 13:09 | Queue | Militia |
| 13:32 | Build | Farm |
| 13:35 | Build | Farm |
| 13:48 | Research | Feudal Age |
| 14:06 | Build | Mining Camp |
| 14:17 | Queue | Militia |
| 14:17 | Queue | Militia |
| 14:19 | Queue | Militia |
| 14:19 | Queue | Militia |
| 14:45 | Build | Outpost |
| 14:55 | Queue | Militia |
| 14:56 | Queue | Militia |
| 14:56 | Queue | Militia |
| 15:58 | Age | Feudal Age |
| 16:00 | Research | Man-at-Arms (upgrade) |
| 16:16 | Build | Watch Tower |
| 16:22 | Queue | Villager (Male) |
| 16:22 | Queue | Villager (Male) |
| 16:22 | Queue | Villager (Male) |
| 16:47 | Queue | Villager (Male) |
| 17:07 | Build | Watch Tower |
| 17:15 | Build | Blacksmith |
| 17:17 | Build | House |
| 17:18 | Build | House |
| 17:28 | Queue | Villager (Male) |
| 17:29 | Queue | Villager (Male) |
| 17:39 | Build | Farm |
| 17:39 | Build | Farm |
| 17:40 | Build | Farm |
| 17:40 | Build | Farm |
| 17:40 | Build | Farm |
| 18:49 | Research | Fletching |
| 19:07 | Queue | Villager (Male) |
| 19:07 | Queue | Villager (Male) |
| 19:08 | Queue | Villager (Male) |
| 19:57 | Build | Watch Tower |
| 20:00 | Build | Mining Camp |
| 21:42 | Build | Market |
| 22:03 | Research | Double-Bit Axe |
| 22:43 | Research | Castle Age |
| 23:28 | Build | Mining Camp |
| 25:23 | Age | Castle Age |
| 25:29 | Build | Castle |
| 25:48 | Queue | Villager (Male) |
| 25:49 | Queue | Villager (Male) |
| 25:49 | Queue | Villager (Male) |
| 25:54 | Build | Mining Camp |
| 26:39 | Queue | Villager (Male) |
| 26:40 | Queue | Villager (Male) |
| 26:53 | Build | Siege Workshop |
| 27:14 | Build | Lumber Camp |
| 28:04 | Queue | Villager (Male) |
| 28:04 | Queue | Villager (Male) |
| 28:43 | Research | Bodkin Arrow |
| 28:54 | Build | Monastery |
| 29:04 | Queue | Villager (Male) |
| 29:18 | Build | Farm |
| 29:32 | Queue | Battering Ram |
| 29:47 | Queue | Monk |
| 29:47 | Queue | Monk |
| 30:30 | Build | Farm |
| 30:35 | Build | Farm |
| 30:35 | Build | Farm |
| 30:36 | Build | Farm |
| 30:36 | Build | Farm |
| 30:39 | Queue | Villager (Male) |
| 30:39 | Queue | Villager (Male) |
| 30:40 | Queue | Villager (Male) |
| 30:40 | Queue | Villager (Male) |
| 31:02 | Queue | Villager (Male) |
| 31:02 | Queue | Villager (Male) |
| 31:07 | Queue | Battering Ram |
| 31:14 | Queue | Villager (Male) |
| 31:14 | Queue | Villager (Male) |
| 31:41 | Queue | Battering Ram |
| 32:05 | Queue | Villager (Male) |
| 32:18 | Queue | Villager (Male) |
| 32:30 | Queue | Unit 2703 |
| 32:30 | Queue | Unit 2703 |
| 32:30 | Queue | Unit 2703 |
| 32:35 | Queue | Villager (Male) |
| 32:35 | Queue | Villager (Male) |
| 32:39 | Build | Farm |
| 32:45 | Build | Farm |
| 32:45 | Build | Farm |
| 33:05 | Queue | Unit 2703 |
| 33:05 | Queue | Unit 2703 |
| 33:17 | Build | Mill |
| 33:17 | Build | Farm |
| 33:18 | Build | Farm |
Build order — MedicenelMago
First 150 of 514 actions detected
| 0:01 | Queue | Villager (Male) |
| 0:02 | Queue | Villager (Male) |
| 0:02 | Queue | Villager (Male) |
| 0:02 | Queue | Villager (Male) |
| 0:02 | Queue | Villager (Male) |
| 0:04 | Build | House |
| 0:05 | Build | House |
| 1:36 | Queue | Villager (Male) |
| 1:36 | Queue | Villager (Male) |
| 1:49 | Queue | Villager (Male) |
| 1:50 | Queue | Villager (Male) |
| 2:33 | Queue | Villager (Male) |
| 2:34 | Queue | Villager (Male) |
| 2:34 | Queue | Villager (Male) |
| 2:52 | Queue | Villager (Male) |
| 2:52 | Queue | Villager (Male) |
| 3:07 | Research | Loom |
| 3:07 | Research | Loom |
| 3:19 | Queue | Villager (Male) |
| 3:19 | Queue | Villager (Male) |
| 3:21 | Queue | Villager (Male) |
| 3:41 | Build | Lumber Camp |
| 3:48 | Queue | Villager (Male) |
| 4:26 | Queue | Villager (Male) |
| 4:45 | Queue | Villager (Male) |
| 4:47 | Queue | Villager (Male) |
| 4:47 | Queue | Villager (Male) |
| 5:04 | Build | Mill |
| 5:12 | Build | House |
| 5:22 | Build | Mill |
| 5:27 | Build | Mill |
| 5:32 | Queue | Villager (Male) |
| 5:32 | Queue | Villager (Male) |
| 6:38 | Queue | Villager (Male) |
| 6:38 | Queue | Villager (Male) |
| 6:39 | Queue | Villager (Male) |
| 7:34 | Build | House |
| 8:08 | Build | Palisade Wall |
| 8:15 | Queue | Villager (Male) |
| 8:16 | Queue | Villager (Male) |
| 8:16 | Queue | Villager (Male) |
| 8:52 | Queue | Villager (Male) |
| 9:06 | Queue | Villager (Male) |
| 9:07 | Queue | Villager (Male) |
| 9:20 | Build | Mill |
| 9:27 | Queue | Villager (Male) |
| 9:33 | Build | House |
| 9:52 | Queue | Villager (Male) |
| 10:41 | Queue | Villager (Male) |
| 10:55 | Build | Farm |
| 10:58 | Queue | Villager (Male) |
| 11:16 | Queue | Villager (Male) |
| 11:32 | Build | Farm |
| 11:35 | Queue | Villager (Male) |
| 11:41 | Build | Farm |
| 11:56 | Build | Farm |
| 11:57 | Queue | Villager (Male) |
| 12:15 | Queue | Villager (Male) |
| 12:48 | Queue | Villager (Male) |
| 13:00 | Research | Feudal Age |
| 13:19 | Build | Donjon |
| 13:21 | Build | Mining Camp |
| 13:39 | Build | House |
| 13:40 | Build | House |
| 13:41 | Build | Palisade Wall |
| 13:56 | Build | House |
| 13:57 | Build | House |
| 14:01 | Build | House |
| 14:06 | Build | Palisade Wall |
| 14:11 | Queue | Villager (Male) |
| 14:29 | Build | Farm |
| 14:30 | Build | Farm |
| 14:41 | Build | Mining Camp |
| 14:49 | Build | Farm |
| 15:02 | Build | Farm |
| 15:08 | Build | Palisade Wall |
| 15:12 | Build | Palisade Wall |
| 15:14 | Build | Palisade Wall |
| 15:25 | Age | Feudal Age |
| 15:36 | Build | Donjon |
| 15:40 | Queue | Villager (Male) |
| 15:46 | Research | Double-Bit Axe |
| 15:58 | Build | Palisade Wall |
| 15:59 | Build | Palisade Wall |
| 16:18 | Queue | Villager (Male) |
| 16:19 | Queue | Villager (Male) |
| 16:19 | Queue | Villager (Male) |
| 16:25 | Build | House |
| 16:26 | Queue | Villager (Male) |
| 16:38 | Queue | Villager (Male) |
| 16:59 | Build | Lumber Camp |
| 17:12 | Build | Barracks |
| 17:24 | Build | Blacksmith |
| 17:31 | Queue | Villager (Male) |
| 17:38 | Build | Farm |
| 17:44 | Build | Donjon |
| 17:52 | Build | Stone Wall |
| 17:55 | Queue | Villager (Male) |
| 18:00 | Research | Fletching |
| 18:17 | Build | Farm |
| 18:20 | Build | Farm |
| 18:24 | Build | Farm |
| 18:25 | Queue | Villager (Male) |
| 18:52 | Build | Farm |
| 18:55 | Queue | Villager (Male) |
| 19:12 | Queue | Villager (Male) |
| 19:23 | Build | Market |
| 19:28 | Queue | Villager (Male) |
| 19:40 | Build | Farm |
| 19:45 | Build | Farm |
| 19:46 | Queue | Villager (Male) |
| 20:06 | Build | Donjon |
| 20:08 | Queue | Villager (Male) |
| 20:08 | Queue | Villager (Male) |
| 20:08 | Queue | Villager (Male) |
| 20:13 | Queue | Villager (Male) |
| 20:23 | Build | Farm |
| 20:31 | Build | House |
| 20:33 | Build | House |
| 20:56 | Build | House |
| 20:57 | Build | House |
| 21:00 | Queue | Villager (Male) |
| 21:00 | Queue | Villager (Male) |
| 21:16 | Build | Farm |
| 21:58 | Build | House |
| 22:21 | Research | Castle Age |
| 22:50 | Build | Lumber Camp |
| 23:25 | Build | Donjon |
| 23:26 | Build | Mining Camp |
| 23:42 | Queue | Serjeant |
| 23:42 | Queue | Serjeant |
| 23:42 | Queue | Serjeant |
| 23:42 | Queue | Serjeant |
| 23:43 | Queue | Serjeant |
| 23:56 | Research | Scale Mail Armor |
| 25:01 | Age | Castle Age |
| 25:15 | Build | Town Center |
| 25:16 | Queue | Villager (Male) |
| 25:16 | Queue | Villager (Male) |
| 25:17 | Queue | Villager (Male) |
| 25:17 | Queue | Villager (Male) |
| 25:52 | Build | Donjon |
| 25:53 | Queue | Villager (Male) |
| 25:53 | Queue | Villager (Male) |
| 25:53 | Queue | Villager (Male) |
| 26:41 | Queue | Villager (Male) |
| 26:42 | Queue | Villager (Male) |
| 26:53 | Build | Siege Workshop |
| 26:57 | Build | Mining Camp |
| 27:02 | Queue | Villager (Male) |
Match timeline
| 8:08 | MedicenelMago · wall_segment Palisade Wall x1 |
| 11:50 | GGINDU · first_building Barracks |
| 13:19 | MedicenelMago · first_building Donjon |
| 13:41 | MedicenelMago · wall_segment Palisade Wall x7 |
| 14:06 | MedicenelMago · wall_segment Palisade Wall x1 |
| 15:08 | MedicenelMago · wall_segment Palisade Wall x1 |
| 15:12 | MedicenelMago · wall_segment Palisade Wall x2 |
| 15:14 | MedicenelMago · wall_segment Palisade Wall x1 |
| 15:25 | MedicenelMago · age_up feudal |
| 15:58 | MedicenelMago · wall_segment Palisade Wall x1 |
| 15:58 | GGINDU · age_up feudal |
| 15:59 | MedicenelMago · wall_segment Palisade Wall x3 |
| 17:12 | MedicenelMago · first_building Barracks |
| 17:52 | MedicenelMago · wall_segment Stone Wall x1 |
| 21:37 | MedicenelMago · first_market_buy 100 food |
| 21:40 | MedicenelMago · first_market_sell 100 wood |
| 22:38 | GGINDU · first_market_sell 100 wood |
| 24:56 | GGINDU · first_market_buy 100 stone |
| 25:01 | MedicenelMago · age_up castle |
| 25:23 | GGINDU · age_up castle |
| 25:29 | GGINDU · first_building Castle |
| 26:53 | MedicenelMago · first_building Siege Workshop |
| 26:53 | GGINDU · first_building Siege Workshop |
| 28:54 | GGINDU · first_building Monastery |
| 29:38 | MedicenelMago · first_building Monastery |
| 31:52 | MedicenelMago · first_building Castle |
| 36:19 | MedicenelMago · wall_segment Stone Wall x1 |
| 41:00 | GGINDU · age_up imperial |
| 46:57 | MedicenelMago · age_up imperial |
| 47:29 | MedicenelMago · first_building Archery Range |
| 54:08 | GGINDU · resign |
[ AI ANALYSIS · 1 CREDIT ]
What really happened in this match?
Wolo.gg analyzes every decision: build order, eco, micro, common mistakes by bracket. Personalized analysis on WhatsApp or Discord in 30 seconds.
Civ guide
Civ #61
Perfil
Jugador #15061428